 Dungeon Crawl Stone Soup version 0.31-a0-1598-g94871bc2e8 (webtiles) character file.

Game seed: 13692628103270444970

1659599 Solx the Conqueror (level 26, 293/314 HPs)
             Began as an Oni Gladiator on Jan 7, 2024.
             Was the Champion of Qazlal.
             Escaped with the Orb
             ... and 3 runes!
             The game lasted 04:24:17 (66000 turns).

Solx the Conqueror (Oni Gladiator)                 Turns: 66000, Time: 04:24:18

Health: 293/314    AC: 38    Str: 32    XL:     26   Next: 19%
Magic:  31/37      EV:  6    Int: 13    God:    Qazlal [******]
Gold:   1145       SH: 26    Dex:  9    Spells: 25/25 levels left

rFire   + + +        x - +9 demon trident (freeze)
rCold   + + .        V - +5 Storm Queen's Shield {shock, Fly rElec}
rNeg    . . .        B - +7 gold dragon scales
rPois   +            O - +2 hat {SInv}
rElec   +            y - scarf {rC+ rF+}
rCorr   .            (gloves unavailable)
SInv    +            (boots unavailable)
Will    ++...        K - amulet of regeneration Stlth
                     b - ring of the Tortoise {AC+8}
HPRegen 1.52/turn    P - ring of Yrghaumess {rF++ SInv}
MPRegen 0.25/turn

%: repel missiles
@: flying, studying 3 skills
A: large, unfitting armour, horns 1, tough skin 1, double potion healing,
drunken brawling, iridescent scales 1, see invisible, clever 1
0: Orb of Zot
}: 3/15 runes: decaying, slimy, gossamer
a: Renounce Religion, Upheaval, Elemental Force, Disaster Area


You escaped.
You worshipped Qazlal.
Qazlal was exalted by your worship.
You visited 11 branches of the dungeon, and saw 52 of its levels.
You visited 1 bazaar.

You collected 6587 gold pieces.
You spent 5442 gold pieces at shops.

Inventory:

Hand Weapons
 x - a +9 demon trident of freezing (weapon)
Missiles
 d - 2 throwing nets
 e - 67 large rocks
 r - 12 javelins
 s - 15 boomerangs
 N - 3 silver javelins (quivered)
Armour
 c - a +1 cloak
 y - a scarf of resistance (worn)
 B - +7 gold dragon scales (worn)
 O - a +2 hat of see invisible (worn)
 V - the +5 Storm Queen's Shield (worn) {shock, Fly rElec}
   (You bought it in a shop on level 3 of the Depths)

   Shock:     When it blocks an attack, it may electrocute the attacker.
   This works even against foes who are a short distance away.
   rElec:     It insulates you from electricity.
   Fly:       It grants you flight.
 X - +0 swamp dragon scales
Jewellery
 b - the ring of the Tortoise (left hand) {AC+8}
   (You bought it in a shop on level 2 of the Dungeon)

   [ring of protection]

   AC+8:      It affects your AC (+8).
 v - an amulet of magic regeneration
 D - the amulet of Extomaf {Faith rN+++ Int-4}
   (You found it on level 5 of the Pits of Slime)

   [amulet of faith]

   Faith:     It allows you to gain divine favour quickly.
   Int-4:     It affects your intelligence (-4).
   rN+++:     It renders you almost immune to negative energy.
 K - an amulet of regeneration (around neck)
 P - the ring of Yrghaumess (right hand) {rF++ SInv}
   (You took it off a deep elf elementalist on level 3 of the Elven Halls)

   [ring of see invisible]

   rF++:      It greatly protects you from fire.
   SInv:      It lets you see invisible.
 R - the ring of Teextenk {rElec rF+ MP+9}
   (You bought it in a shop on level 2 of the Dungeon)

   [ring of magical power]

   rF+:       It protects you from fire.
   rElec:     It insulates you from electricity.
   MP+9:      It affects your magic capacity (+9).
Wands
 j - a wand of light (11)
 m - a wand of charming (49)
 z - a wand of roots (7)
 L - a wand of digging (35)
Scrolls
 a - 3 scrolls of amnesia
 f - a scroll of enchant weapon
 g - 7 scrolls of immolation
 k - 9 scrolls of fear
 l - 15 scrolls of teleportation
 n - 3 scrolls of silence
 u - 5 scrolls of blinking
 w - 6 scrolls of fog
 A - 5 scrolls of poison
 H - 2 scrolls of summoning
 I - 5 scrolls of vulnerability
 M - a scroll of revelation
 Q - 5 scrolls of noise
 U - 5 scrolls of torment
Potions
 i - 5 potions of mutation
 o - 5 potions of haste
 p - 5 potions of lignification
 q - 6 potions of might
 t - 2 potions of enlightenment
 C - 8 potions of ambrosia
 E - a potion of berserk rage {unknown}
 F - 7 potions of brilliance
 G - 3 potions of magic
 J - 5 potions of heal wounds
 S - a potion of invisibility
 T - 16 potions of curing
 W - 4 potions of attraction
 Y - 2 potions of resistance
 Z - 5 potions of cancellation
Miscellaneous
 h - a sack of spiders


   Skills:
 O Level 27 Fighting
 - Level 18.0 Polearms
 * Level 22.6 Throwing
 - Level 12.0 Armour
 - Level 7.4 Dodging
 - Level 18.5 Shields
 * Level 21.0 Invocations
 - Level 2.2 Evocations


You had 25 spell levels left.
You didn't know any spells.
Your spell library contained the following spells:

 Spells                   Type           Power      Damage    Failure   Level
 Apportation              Tloc           0%         N/A       100%        1
 Foxfire                  Conj/Fire      0%         2x1d4     100%        1
 Necrotise                Necr           0%         1d4       100%        1
 Shock                    Conj/Air       0%         1d3       100%        1
 Sting                    Conj/Alch      0%         1d3       100%        1
 Summon Small Mammal      Summ           0%         N/A       100%        1
 Blink                    Tloc           0%         N/A       100%        2
 Call Imp                 Summ           0%         N/A       100%        2
 Cigotuvi's Dreadful Rot  Necr/Alch/Air  0%         N/A       100%        2
 Ensorcelled Hibernation  Hex/Ice        0%         N/A       100%        2
 Lesser Beckoning         Tloc           0%         N/A       100%        2
 Mercury Vapours          Alch/Air       0%         N/A       100%        2
 Momentum Strike          Conj/Tloc      0%         3d8       100%        2
 Sublimation of Blood     Necr           0%         N/A       100%        2
 Dazzling Flash           Conj/Hex       0%         N/A       100%        3
 Fugue of the Fallen      Necr           0%         N/A       100%        3
 Gell's Gravitas          Tloc           0%         N/A       100%        3
 Inner Flame              Hex/Fire       0%         N/A       100%        3
 Mephitic Cloud           Conj/Alch/Air  0%         N/A       100%        3
 Ozocubu's Armour         Ice            0%         N/A       100%        3
 Passwall                 Erth           0%         N/A       100%        3
 Swiftness                Air            0%         N/A       100%        3
 Teleport Other           Tloc           0%         N/A       100%        3
 Volatile Blastmotes      Fire/Tloc      0%         2d10      100%        3
 Airstrike                Air            0%         2d(0-16)  100%        4
 Anguish                  Hex/Necr       0%         N/A       100%        4
 Animate Dead             Necr           0%         N/A       100%        4
 Cause Fear               Hex            0%         N/A       100%        4
 Flame Wave               Conj/Fire      0%         2d4       100%        4
 Fulminant Prism          Conj/Alch      0%         3d5       100%        4
 Ignite Poison            Fire/Alch      0%         N/A       100%        4
 Iskenderun's Mystic Bla  Conj/Tloc      0%         2d3       100%        4
 Manifold Assault         Tloc           0%         N/A       100%        4
 Olgreb's Toxic Radiance  Alch           0%         N/A       100%        4
 Passage of Golubria      Tloc           0%         N/A       100%        4
 Petrify                  Alch/Erth      0%         N/A       100%        4
 Sticky Flame             Fire/Alch      0%         2d4       100%        4
 Arcjolt                  Conj/Air       0%         1d10      100%        5
 Borgnjor's Vile Clutch   Necr/Erth      0%         N/A       100%        5
 Fireball                 Conj/Fire      0%         3d3       100%        5
 Freezing Cloud           Conj/Ice/Air   0%         6-21      100%        5
 Irradiate                Conj/Alch      0%         3d11      100%        5
 Silence                  Hex/Air        0%         N/A       100%        5
 Summon Forest            Summ/Tloc      0%         N/A       100%        5
 Conjure Ball Lightning   Conj/Air       0%         3x3d6     100%        6
 Death Channel            Necr           0%         N/A       100%        6
 Eringya's Noxious Bog    Alch           0%         4d6       100%        6
 Plasma Beam              Fire/Air       0%         2x1d10    100%        6
 Sculpt Simulacrum        Ice/Alch       0%         N/A       100%        6
 Starburst                Conj/Fire      0%         6d3       100%        6
 Haunt                    Necr/Summ      0%         N/A       100%        7
 Ozocubu's Refrigeration  Ice            0%         4d7       100%        7
 Spellforged Servitor     Conj/Summ      0%         N/A       100%        7
 Summon Hydra             Summ           0%         N/A       100%        7
 Borgnjor's Revivificati  Necr           0%         N/A       100%        8
 Discord                  Hex            0%         N/A       100%        8
 Disjunction              Tloc           0%         N/A       100%        8
 Ignition                 Fire           0%         3d3       100%        8
 Infestation              Necr           0%         N/A       100%        8
 Lehudib's Crystal Spear  Conj/Erth      0%         10d2      100%        8
 Maxwell's Capacitive Co  Air            0%         ∞         100%        8
 Summon Horrible Things   Summ           0%         N/A       100%        8
 Death's Door             Necr           0%         N/A       100%        9
 Dragon's Call            Summ           0%         N/A       100%        9
 Polar Vortex             Ice            0%         N/A       100%        9


Dungeon Overview and Level Annotations

Branches:
Dungeon (15/15)            Temple (1/1) D:7            Lair (5/5) D:9
  Swamp (4/4) Lair:2       Spider (4/4) Lair:3        Slime (5/5) Lair:4
    Orc (2/2) D:11            Elf (3/3) Orc:2        Vaults (4/5) D:14
  Crypt (0/3) Vaults:3     Depths (4/4) D:15            Zot (5/5) Depths:4

Altars:
Ashenzari
Cheibriados
Dithmenos
Elyvilon
Fedhas
Gozag
Hepliaklqana
Kikubaaqudgha
Makhleb
Nemelex Xobeh
Okawaru
Qazlal
Ru
Sif Muna
Trog
Uskayaw
Vehumet
Wu Jian
Xom
Yredelemnul
Zin
The Shining One

Shops:
D:1 ?   D:2 =   D:6 [(*(   D:10 [   Orc:2 [(::   Elf:1 :   Elf:3 (([[*
Vaults:2 ?   Depths:1 ?   Depths:3 *   Depths:4 ::=[

Portals:
Hell: Depths:1 Depths:2 Depths:3 Depths:4
Abyss: Depths:3
Pandemonium: Depths:2 Depths:4
Ziggurat: Depths:4
Trove: D:10 (give +2 gold dragon scales)

Annotations:
D:5 3 runed translucent doors, Goblin1989's ghost, novice OnGl
Swamp:3 exclusion: oklob plant
Spider:2 3 runed translucent doors, exclusion: 3 doors, Graknight's ghost, adept KoBe
Spider:4 Roxanne
Elf:2 3 runed translucent doors
Vaults:2 2 transporters, PanSaczeczos's ghost, adept NaWn
Depths:4 1 exclusion
Zot:3 1 transporter
Zot:5 exclusion: upstairs


Innate Abilities, Weirdness & Mutations

You are too large for most types of armour.
You have a pair of small horns on your head.
You have tough skin. (AC +1)
You gain doubled healing and magic from potions.
Whenever you drink a healing potion, you attack all around you.
You are partially covered in iridescent scales. (AC +2)
You have supernaturally acute eyesight. (SInv)
Your mind is acute. (Int +4, Str/Dex -1)


Message History

Qazlal accepts your kill.
No target in view!
What level of the Dungeon? (default 1, ? - help)
You hear a croak.
You hear a loud, deep croak!
There is a stone staircase leading up here.
You fly upwards.
There is a stone staircase leading down here.
You reach down and open the door.
There is an open door here.
There is a staircase leading out of the dungeon here.
You feel extremely strange.
You feel more encumbered by your armour.
You feel robust.
Your magical essence no longer links to wands of the dungeon.
You feel more energetic.
Your vision seems duller.
You feel strong-willed.
You feel extremely strange.
You feel more energetic.
You no longer become unable to read scrolls after taking damage.
You feel agile.
You feel your magical essence link to the dungeon's wands.
You feel extremely strange.
You lose the ability to drink potions when taking damage less often.
Your rate of healing slows.
You no longer feel strong-willed.
Iridescent scales grow over part of your body.
Your thinking seems confused.
Iridescent scales spread over more of your body.
A large abomination comes into view.
You feel extremely strange.
Your magical essence no longer links to wands of the dungeon.
Your system completely accepts the healing effects of potions.
Your system partially rejects the healing effects of potions.
Your toenails lengthen and sharpen.
You feel extremely strange.
Your system completely accepts the healing effects of potions.
You no longer become unable to drink potions after taking damage.
Your talons dull and shrink into feet.
Your vision sharpens.
Your iridescent scales recede somewhat.
You feel clever.
An Executioner comes into view.
You have escaped!

.......##.....#..####..##
.......##.######.#####..#
.......##...............#
.......##..#####'#####..#
#......##..#PPP#.#PPP#..#
#########..#P⌠P#.#P⌠P#..#
#..#PPP#.#PPP#..#
#..#####.#####..#
#..+....@....+..# ######
#..#####.#####.## .....#
#..#PPP#.#PPP#.# .....#
#..#P⌠P#.#P⌠P#.# .....#
#..#PPP#1#PPP#.# .....#
#..#####X#####.# .....#
#..............# .....#
#..####..####### .)..##
##......##


You could see an Executioner and a large abomination.

Vanquished Creatures
  the Royal Jelly (Slime:5)
  A seraph (D:13)
  2 dread liches (Zot:5)
  An ancient lich (Zot:5)
  7 orbs of fire (Zot:5)
  Bai Suzhen (Vaults:3)
  4 Killer Klowns (Zot:5)
  A curse toe (Zot:4)
  Nikola (Spider:1)
  Jory (Vaults:4)
  8 golden dragons
  4 electric golems
  Jorgrun (D:13)
  A Brimstone Fiend (D:9)
  4 tentacled monstrosities
  3 Ice Fiends
  A deep elf blademaster (Elf:3)
  21 Orb Guardians (Zot:5)
  19 acid blobs
  5 quicksilver dragons
  3 sphinxes
  An ancient champion (Vaults:2)
  5 thorn hunters
  2 tengu reavers
  Gastronok (D:11)
  5 death cobs
  4 shadow dragons
  9 storm dragons
  4 protean progenitors
  A draconian knight (Zot:5)
  4 fire giants
  A draconian monk (Zot:2)
  2 fenstrider witches
  15 rockslimes
  5 deep elf sorcerers (Elf:3)
  3 emperor scorpions
  13 azure jellies
  3 draconian scorchers
  2 draconian shifters
  A balrug (Depths:3)
  A draconian stormcaller (Zot:3)
  4 frost giants
  5 ghost moths
  5 deep elf elementalists (Elf:3)
  12 vault wardens
  Louise (Swamp:3)
  An orc warlord (Vaults:3)
  4 cacodemons
  4 draconian annihilators
  4 reapers
  10 quicksilver oozes
  A broodmother (Spider:2)
  3 ghouls (Swamp:4)
  20 ironbound preservers
  16 stone giants
  An angel (D:13)
  8 formless jellyfish
  17 very ugly things
  6 ironbound thunderhulks
  3 vampire knights
  7 deep elf demonologists
  A yellow draconian (Zot:3)
  3 deep elf death magi
  11 dire elephants
  5 green draconians
  A war gargoyle (Vaults:4)
  2 deep elf annihilators (Elf:3)
  3 eleionomae
  4 white draconians
  Azrael (D:13)
  10 spark wasps
  2 lorocyprocas
  4 red draconians
  8 black draconians
  3 bunyips
  3 purple draconians
  A merfolk javelineer (Depths:2)
  9 ettins
  2 merfolk impalers
  3 jiangshi (Depths:2)
  6 entropy weavers
  3 deep elf high priests
  8 yaktaur captains
  3 shambling mangroves
  14 hydras
  2 ghost crabs
  16 ice dragons
  7 fire dragons
  Erolcha (D:12)
  2 rakshasas
  17 vault guards
  2 peacekeepers
  3 spriggan air magi
  2 hell beasts (Depths:1)
  14 great orbs of eyes
  8 ironbound frosthearts
  2 ogre magi
  2 death knights
  8 boulder beetles
  14 alligators
  21 centaur warriors
  A jorogumo (Spider:2)
  3 radroaches
  4 catoblepae
  6 two-headed ogres
  3 tengu warriors
  2 deep troll shamans (Depths:4)
  4 deep troll earth magi
  10 demonic crawlers
  2 satyrs (Zot:5)
  Urug (D:11)
  12 dancing weapons
  3 orc high priests
  2 hell knights
  8 death yaks
  12 deep elf knights
  A vampire mage (Depths:2)
  An occultist (Depths:3)
  6 spriggan berserkers
  3 soul eaters
  13 spriggans
  5 sun demons
  Sonja (D:12)
  2 iron trolls
  3 pharaoh ants
  50 deep trolls
  4 goliath frogs (Swamp:1)
  A salamander mystic (Depths:4)
  7 skeletal warriors
  A mana viper (shapeshifter) (Vaults:2)
  3 sixfirhies
  A fire crab (shapeshifter) (D:13)
  A shadow wraith (Vaults:3)
  5 spriggan druids
  9 bog bodies
  A cherub (D:13)
  An orb spider (shapeshifter) (Elf:1)
  7 glowing orange brains
  A golden dragon skeleton (Depths:1)
  2 orb spiders
  10 deep elf archers
  23 ironbound convokers
  A sun moth (Spider:2)
  9 swamp dragons
  7 arcanists
  An orange crystal statue (Zot:5)
  26 deep elf zephyrmancers
  3 necromancers
  3 steelbarb worms
  3 orc knights
  An obsidian statue (Depths:1)
  17 deep elf pyromancers
  3 fauns (Zot:5)
  4 lindwurms
  4 orc sorcerers
  41 ugly things
  An iron dragon zombie (Vaults:4)
  5 phantasmal warriors
  19 wolf spiders
  15 moths of wrath
  An oklob plant (Swamp:3)
  4 manticores
  2 will-o-the-wisps (Swamp:4)
  2 shining eyes (Slime:5)
  A frost giant zombie (Depths:1)
  2 cyclopes (D:14)
  4 salamanders (Depths:4)
  A human zombie (Vaults:4)
  A shining eye (shapeshifter) (Depths:3)
  4 meliai
  3 black mambas
  21 elephants
  15 vault sentinels
  A water nymph (shapeshifter) (Depths:4)
  2 gargoyles
  2 smoke demons (Depths:4)
  4 eyes of devastation
  An orange demon (D:3)
  3 kobold blastminers (Orc:1)
  6 torpor snails
  2 hellions
  11 komodo dragons
  2 rime drakes
  19 cane toads
  Maggie (D:8)
  2 human skeletons (Vaults:4)
  A freezing wraith (D:13)
  An ice devil (Depths:1)
  A tengu conjurer (D:14)
  An efreet (D:12)
  A yaktaur skeleton (Vaults:4)
  7 yaktaurs
  2 red devils
  5 trolls
  A golden dragon simulacrum (Depths:2)
  19 hornets
  A tengu simulacrum (Depths:2)
  4 polar bears
  A bloated husk (Swamp:1)
  24 blink frogs
  25 tarantellas
  3 glass eyes
  6 tyrant leeches
  A stone giant simulacrum (Depths:1)
  6 dream sheep
  30 jumping spiders
  127 slime creatures
  5 air elementals
  A ynoxinul (Depths:1)
  2 shadows
  27 culicivoras
  60 yaks
  9 water elementals
  5 wraiths
  4 basilisks
  48 redbacks
  11 golden eyes
  2 neqoxecs
  3 wargs
  A steam dragon (D:6)
  2 vampire mosquitoes (D:15)
  Grum (D:8)
  4 fire elementals
  Menkaure (D:5)
  A yaktaur simulacrum (Vaults:4)
  12 swamp worms
  6 hell hounds
  15 water moccasins
  3 acid dragons
  19 orc warriors
  11 swamp drakes (Swamp:4)
  12 ice beasts
  A sky beast (D:6)
  10 ogres
  A redback (shapeshifter) (Vaults:3)
  2 laughing skulls
  3 black bears
  10 wolves
  4 centaurs
  2 phantoms
  3 kobold brigands (D:9)
  12 bullfrogs
  6 earth elementals
  A bullfrog (shapeshifter) (D:15)
  A brain worm (shapeshifter) (D:11)
  A necrophage (Swamp:4)
  A gnoll sergeant (D:5)
  A scorpion (D:7)
  4 wights (D:9)
  Dowan (D:6)
  44 killer bees
  A howler monkey (D:10)
  2 jellies
  A hound (D:5)
  2 gnoll boudas
  22 orc priests
  3 iguanas
  32 orc wizards
  2 human simulacra (D:14)
  Robin (D:4)
  11 gnolls
  An adder (D:6)
  5 white imps
  2 dart slugs (D:1)
  4 ribbon worms
  65 orcs
  12 endoplasms
  2 giant cockroaches (D:3)
  15 goblins
  11 hobgoblins
  5 jackals (D:1)
  18 kobolds
  3 quokkas
  4 ball pythons (D:1)
  8 bats
  3 frilled lizards
  9 rats
  An aspiring flesh (Zot:2)
1935 creatures vanquished.

Vanquished Creatures (collateral kills)
  Mara (Depths:1)
  An Orb Guardian (Zot:5)
  Zenata (Vaults:4)
  2 deep elf master archers (Elf:3)
  A deep elf blademaster (Elf:3)
  A storm dragon (Zot:5)
  An emperor scorpion (Spider:4)
  2 vault wardens
  A deep elf death mage (Elf:3)
  2 purple draconians (Zot:2)
  A red draconian (Zot:2)
  An eidolon (Vaults:3)
  A fire dragon (Depths:4)
  2 yaktaur captains
  2 hydras (Swamp:3)
  A dancing weapon (Elf:3)
  2 death yaks (Lair:4)
  A deep troll (Vaults:3)
  2 arcanists
  An ironbound convoker (Vaults:3)
  A deep elf pyromancer (Elf:3)
  2 elephants (Lair:4)
  A komodo dragon (Lair:4)
  A troll (Orc:1)
  A jumping spider (Spider:1)
  A culicivora (Spider:1)
  2 yaks (Lair:4)
  2 wargs
  A water moccasin (Lair:4)
  Duvessa (D:6)
  An orc warrior (Orc:2)
  An ogre (Orc:2)
  A bullfrog (Lair:4)
  2 killer bees (D:10)
  5 orc priests (Orc:2)
  An orc wizard (Orc:2)
  10 orcs
61 creatures vanquished.

Vanquished Creatures (others)
  A black draconian (Zot:2)
  A great orb of eyes (Zot:5)
  A deep elf zephyrmancer (Elf:1)
  A queen bee (D:10)
  A bloated husk (Swamp:1)
  A tarantella (Spider:2)
  A tyrant leech (Swamp:1)
  An orc priest (Orc:2)
  2 orc wizards
  A gnoll (D:5)
  An orc (Orc:2)
  10 foxfires (Swamp:4)
22 creatures vanquished.

Grand Total: 2018 creatures vanquished

Notes
Turn   | Place    | Note
-------+----------+-------------------------------------------
     0 | D:1      | Solx the Oni Gladiator began the quest for the Orb.
     0 | D:1      | Reached XP level 1. HP: 22/22 MP: 1/1
    80 | D:1      | Reached skill level 3 in Fighting
    85 | D:1      | Reached XP level 2. HP: 20/31 MP: 2/2
   241 | D:1      | Found Faodi's Magic Scroll Emporium.
   422 | D:1      | Reached XP level 3. HP: 30/37 MP: 3/3
   890 | D:1      | Found a faded altar of an unknown god.
  1467 | D:2      | Reached XP level 4. HP: 29/48 MP: 4/4
  1603 | D:2      | Found Orhybim's Jewellery Boutique.
  1804 | D:1      | Bought a scroll of identify for 22 gold pieces
  1998 | D:3      | Reached skill level 4 in Fighting
  2580 | D:3      | Noticed an ogre
  2592 | D:3      | Killed an ogre
  2593 | D:3      | Reached skill level 5 in Polearms
  2593 | D:3      | Reached XP level 5. HP: 55/55 MP: 5/5
  2671 | D:4      | Noticed Robin
  2689 | D:4      | Killed Robin
  3231 | D:4      | Reached XP level 6. HP: 36/65 MP: 6/6
  3340 | D:4      | Identified the +0 robe of Least Resistance {-Tele Int+3
                  | Stlth+}
  3346 | D:4      | Found a shimmering blue altar of Sif Muna.
  3346 | D:4      | Found a glowing golden altar of the Shining One.
  3605 | D:5      | Entered Level 5 of the Dungeon
  3820 | D:5      | Noticed Menkaure
  3844 | D:5      | Killed Menkaure
  3845 | D:5      | Reached skill level 5 in Fighting
  4211 | D:5      | Reached XP level 7. HP: 43/72 MP: 7/7
  4536 | D:5      | Noticed Goblin1989's ghost (novice OnGl)
  4536 | D:5      | Noticed a steam dragon
  4538 | D:5      | Found a runed translucent gate.
  4538 | D:5      | Found a runed translucent gate.
  4538 | D:5      | Found a runed translucent gate.
  5054 | D:5      | Reached skill level 6 in Fighting
  5626 | D:6      | Noticed Duvessa
  5626 | D:6      | Noticed Dowan
  5646 | D:5      | Reached XP level 8. HP: 76/83 MP: 8/8
  6791 | D:6      | Found a blossoming altar of Fedhas.
  6831 | D:6      | Killed Duvessa
  6832 | D:6      | Reached skill level 5 in Throwing
  6964 | D:6      | Found Besuph's Weapon Emporium.
  6964 | D:6      | Found Gyuraum's Armour Boutique.
  6993 | D:6      | Killed Dowan
  7421 | D:6      | Found Egranuwn's Antique Weapon Emporium.
  7483 | D:6      | Reached XP level 9. HP: 10/89 MP: 9/9
  7969 | D:6      | Found Kiklel's Assorted Antiques.
  7983 | D:6      | Bought a scroll labelled POISIU OFIREZ for 22 gold pieces
  7983 | D:6      | Bought a scroll labelled LITWAC OSYNURO for 22 gold pieces
  7983 | D:6      | Bought a scroll labelled TOPI ZONWOAD for 22 gold pieces
  8728 | D:7      | Reached skill level 10 in Polearms
  8876 | D:7      | Found a staircase to the Ecumenical Temple.
  8880 | D:7      | Identified the +1 mace of Enormous Prudence {flame, rC+
                  | Str+2}
  8953 | D:7      | Noticed an angel
  8954 | D:7      | Found a glowing silver altar of Zin.
  8972 | Temple   | Entered the Ecumenical Temple
  9089 | Temple   | Became a worshipper of Qazlal Stormbringer
  9208 | D:7      | HP: 4/92 [poisoned by a killer bee]
  9626 | D:8      | Noticed Maggie
  9636 | D:8      | Killed Maggie
  9637 | D:8      | Reached skill level 7 in Fighting
  9953 | D:8      | Found a basalt altar of Yredelemnul.
 10193 | D:8      | Noticed Maurice
 10195 | D:8      | Maurice stole a +0 halberd
 10404 | D:8      | Maurice stole a storm talisman
 10405 | D:8      | Maurice changed into Maurice the harpy
 10405 | D:8      | Noticed Maurice
 10408 | D:8      | Maurice the harpy changed into Maurice the bat
 10408 | D:8      | Noticed Maurice
 10409 | D:8      | Killed Maurice the bat
 10559 | D:8      | Reached XP level 10. HP: 76/104 MP: 10/10
 10642 | D:8      | Noticed Grum
 10653 | D:8      | Killed Grum
 10654 | D:8      | Reached skill level 8 in Fighting
 10848 | D:2      | Bought an amulet of regeneration for 300 gold pieces
 11413 | D:9      | Reached * piety under Qazlal
 11436 | D:9      | Reached skill level 5 in Dodging
 11448 | D:9      | HP: 2/106 [ice beast (11)]
 11562 | D:9      | Reached skill level 9 in Fighting
 11637 | D:9      | Found a staircase to the Lair.
 11814 | D:9      | Reached skill level 1 in Armour
 11881 | D:9      | Paralysed by a hornet for 3 turns
 12005 | D:9      | Reached skill level 10 in Fighting
 12328 | D:9      | Reached ** piety under Qazlal
 12368 | D:9      | Found a burning altar of Makhleb.
 12380 | D:9      | Found a shadowy altar of Dithmenos.
 12479 | D:9      | Noticed a two-headed ogre
 12494 | D:9      | HP: 4/110 [two-headed ogre/+0 giant club (17)]
 12509 | D:9      | Killed a two-headed ogre
 12510 | D:9      | Reached XP level 11. HP: 23/119 MP: 11/11
 12670 | D:10     | Entered Level 10 of the Dungeon
 12693 | D:10     | Reached skill level 1 in Invocations
 12825 | D:10     | Found Hithrean's Armour Shoppe.
 12908 | D:10     | Found a portal to a secret trove of treasure.
 13148 | D:10     | Found a sacrificial altar of Ru.
 13417 | D:10     | Reached skill level 11 in Fighting
 13766 | D:11     | Noticed an ogre mage
 13775 | D:11     | Paralysed by something for 3 turns
 13779 | D:11     | Killed an ogre mage
 13892 | D:11     | Noticed an orc knight
 14037 | D:11     | Noticed a boulder beetle
 14049 | D:11     | Killed a boulder beetle
 14089 | D:11     | Noticed Urug
 14103 | D:11     | Killed Urug
 14104 | D:11     | Reached skill level 12 in Fighting
 14104 | D:11     | Reached skill level 5 in Invocations
 14248 | D:11     | Killed an orc knight
 14335 | D:11     | Noticed Gastronok
 14355 | D:11     | Killed Gastronok
 14356 | D:11     | Reached XP level 12. HP: 105/133 MP: 4/16
 14546 | D:11     | Found a staircase to the Orcish Mines.
 15000 | Lair:1   | Entered Level 1 of the Lair of Beasts
 15451 | Lair:1   | Reached skill level 13 in Fighting
 15784 | Lair:1   | Identified the +3 leather armour of Sif Muna's Hope {rC+}
 16571 | Lair:2   | Identified the +6 flail "Suad" {flame, rF+}
 16779 | Lair:1   | Reached *** piety under Qazlal
 16829 | Lair:1   | Reached skill level 14 in Fighting
 17072 | Lair:2   | Found a staircase to the Swamp.
 17086 | Lair:2   | Reached XP level 13. HP: 51/146 MP: 19/19
 17767 | Lair:2   | Reached skill level 15 in Fighting
 18353 | Lair:3   | Reached **** piety under Qazlal
 18549 | Lair:3   | Found a hole to the Spider Nest.
 19106 | Lair:4   | Reached skill level 16 in Fighting
 19106 | Lair:4   | Reached skill level 10 in Throwing
 19113 | Lair:4   | Reached skill level 10 in Invocations
 19429 | Lair:4   | Found a staircase to the Slime Pits.
 19453 | Lair:4   | Identified the +5 robe of Crawling {+Inv rPois MP+9 Str-3}
 19507 | Lair:4   | Reached XP level 14. HP: 157/162 MP: 15/22
 20437 | Lair:5   | Entered Level 5 of the Lair of Beasts
 22327 | Lair:5   | Reached skill level 15 in Polearms
 22474 | Lair:5   | Reached XP level 15. HP: 123/170 MP: 25/25
 22871 | D:12     | Noticed Erolcha
 22896 | D:12     | Killed Erolcha
 23084 | D:12     | Noticed Sonja
 23094 | D:12     | Killed Sonja
 23479 | D:13     | Noticed Jorgrun
 23705 | D:13     | Noticed Azrael
 23784 | D:13     | Killed Azrael
 24050 | D:13     | Killed Jorgrun
 24520 | D:13     | Reached skill level 5 in Armour
 25194 | D:2      | Bought the ring of Teextenk {rElec rF+ MP+9} for 410 gold
                  | pieces
 25441 | Orc:1    | Entered Level 1 of the Orcish Mines
 26040 | Orc:2    | Entered Level 2 of the Orcish Mines
 26062 | Orc:2    | Reached skill level 15 in Invocations
 26817 | Orc:2    | Found a staircase to the Elven Halls.
 26902 | Orc:2    | Found Koutiong's Antique Weapon Boutique.
 26902 | Orc:2    | Found Xafueden's Book Shop.
 26903 | Orc:2    | Found Korus's Book Shop.
 26906 | Orc:2    | Found Urhoute's Antique Armour Boutique.
 27343 | D:2      | Bought the ring of the Tortoise {AC+8} for 1280 gold pieces
 27343 | D:2      | Found the ring of the Tortoise {AC+8}
 28440 | D:14     | Reached XP level 16. HP: 179/179 MP: 27/27
 28791 | D:14     | Found a gate to the Vaults.
 28870 | D:14     | You fall into a shaft and drop 1 floor!
 28870 | D:15     | Entered Level 15 of the Dungeon
 29125 | D:15     | Found an iron altar of Okawaru.
 29357 | D:15     | Found a staircase to the Depths.
 29816 | Swamp:1  | Entered Level 1 of the Swamp
 30279 | Swamp:1  | Reached skill level 17 in Fighting
 30413 | Swamp:1  | Noticed a fenstrider witch
 30425 | Swamp:1  | Killed a fenstrider witch
 30652 | Swamp:1  | Noticed a thorn hunter
 30661 | Swamp:1  | Killed a thorn hunter
 31870 | Swamp:3  | Reached skill level 1 in Evocations
 31919 | Swamp:3  | Reached skill level 18 in Fighting
 32200 | Swamp:3  | Noticed Louise
 32200 | Swamp:3  | Noticed a thorn hunter
 32212 | Swamp:3  | Killed a thorn hunter
 32224 | Swamp:3  | Killed Louise
 32308 | Swamp:3  | Noticed a thorn hunter
 32349 | Swamp:3  | Killed a thorn hunter
 32414 | Swamp:3  | Noticed a thorn hunter
 32423 | Swamp:3  | Killed a thorn hunter
 32424 | Swamp:3  | Reached skill level 1 in Shields
 32609 | Swamp:3  | Reached XP level 17. HP: 195/195 MP: 28/28
 33063 | Swamp:4  | Entered Level 4 of the Swamp
 33189 | Swamp:4  | Paralysed by a fenstrider witch for 3 turns
 33305 | Swamp:4  | Reached skill level 5 in Shields
 33669 | D:1      | Bought a scroll of brand weapon for 104 gold pieces
 33669 | D:1      | Bought a scroll of fear for 44 gold pieces
 34621 | Swamp:4  | Reached skill level 19 in Fighting
 35048 | Swamp:4  | Got a decaying rune of Zot
 35293 | Spider:1 | Entered Level 1 of the Spider Nest
 35573 | Spider:1 | Identified the +2 halberd of War {spect, rF- Will+ rCorr}
 35591 | Spider:1 | Reached ***** piety under Qazlal
 35625 | Spider:1 | Noticed Nikola
 35728 | Spider:1 | Killed Nikola
 36031 | Spider:1 | You fall into a shaft and drop 1 floor!
 36061 | Spider:2 | Reached XP level 18. HP: 75/193 MP: 29/29
 36227 | Spider:2 | Reached skill level 20 in Fighting
 36290 | Spider:2 | Reached skill level 10 in Shields
 36526 | Spider:2 | Found a runed translucent gate.
 36526 | Spider:2 | Found a runed translucent gate.
 36526 | Spider:2 | Found a runed translucent gate.
 36548 | Spider:2 | Noticed Graknight's ghost (adept KoBe)
 37806 | Spider:3 | Identified the +7 whip of Ceolum {flame, Dex+4}
 38264 | Spider:4 | Entered Level 4 of the Spider Nest
 38381 | Spider:4 | Noticed Roxanne
 39656 | Spider:4 | Got a gossamer rune of Zot
 40104 | Vaults:1 | Entered Level 1 of the Vaults
 40432 | Vaults:1 | Reached XP level 19. HP: 203/219 MP: 31/31
 42226 | Vaults:2 | Found a transporter.
 42226 | Vaults:2 | Noticed PanSaczeczos's ghost (adept NaWn)
 42516 | Vaults:2 | Reached ****** piety under Qazlal
 42552 | Vaults:2 | Reached skill level 21 in Fighting
 42691 | Vaults:2 | Found Rujez's Magic Scroll Emporium.
 42712 | Vaults:2 | Bought a scroll of teleportation for 36 gold pieces
 42712 | Vaults:2 | Bought a scroll of teleportation for 36 gold pieces
 42776 | Vaults:2 | Reached XP level 20. HP: 222/234 MP: 33/33
 42792 | Vaults:2 | Reached skill level 15 in Shields
 43171 | Vaults:2 | Paralysed by a formless jellyfish for 1 turns
 43320 | Vaults:2 | Found a transporter.
 43428 | Vaults:2 | Found the +7 sceptre of Torment {pain, torment}
 44070 | Vaults:3 | Found a staircase to the Crypt.
 44525 | Vaults:3 | Noticed Bai Suzhen
 44649 | Vaults:3 | Killed Bai Suzhen
 45694 | Vaults:4 | Reached XP level 21. HP: 190/241 MP: 34/34
 46482 | Vaults:4 | Noticed Jory
 46532 | Vaults:4 | Killed Jory
 46607 | Vaults:4 | Noticed Zenata
 46830 | Vaults:4 | Killed Zenata
 47363 | Depths:1 | Entered Level 1 of the Depths
 47449 | Depths:1 | Found Pischule's Magic Scroll Shoppe.
 47529 | Depths:1 | Bought a scroll of blinking for 127 gold pieces
 47529 | Depths:1 | Bought a scroll of blinking for 127 gold pieces
 47834 | Depths:1 | Found a sparkling altar of Nemelex Xobeh.
 47899 | Depths:1 | Gained mutation: Your spells are a little easier to cast,
                  | but a little less powerful. [a cacodemon]
 47914 | Depths:1 | Reached skill level 22 in Fighting
 48050 | Depths:1 | Found a gateway to Hell.
 48243 | Depths:1 | Noticed Mara
 48254 | Depths:1 | Noticed Solx's illusion
 48258 | Depths:1 | Killed Mara
 48394 | Depths:1 | Found a stormy altar of Qazlal.
 48459 | Depths:1 | Identified the +0 chain mail of Mif Gaik {+Inv rElec Str+5
                  | Int-5}
 48687 | Depths:1 | Identified the +1 helmet of Disaster {rN+ Dex+3}
 49022 | Depths:2 | Reached skill level 15 in Throwing
 49179 | Depths:1 | Bought a scroll of identify for 34 gold pieces
 49362 | Depths:2 | Found a gateway to a bazaar.
 49485 | Depths:2 | Reached XP level 22. HP: 254/254 MP: 35/35
 49710 | Depths:2 | Found a one-way gate leading to the halls of Pandemonium.
 50126 | Depths:2 | Identified the +3 orcbow "Xuostoel" {drain, Fly rC+++ Str-4
                  | Dex+2}
 50651 | Bazaar   | Entered a bazaar
 50665 | Bazaar   | Found Neeskips's Magic Scroll Emporium.
 50690 | Bazaar   | Found Bucsiuc's Distillery.
 50690 | Bazaar   | Found Mantucwe's Distillery.
 50749 | Bazaar   | Bought a potion of heal wounds for 65 gold pieces
 50755 | Bazaar   | Bought a potion of haste for 90 gold pieces
 50755 | Bazaar   | Bought a potion of haste for 90 gold pieces
 50755 | Bazaar   | Bought a potion of haste for 90 gold pieces
 50773 | Bazaar   | Bought a scroll of enchant armour for 82 gold pieces
 50773 | Bazaar   | Bought a scroll of revelation for 82 gold pieces
 50803 | Bazaar   | Bought a potion of curing for 27 gold pieces
 50803 | Bazaar   | Bought a potion of curing for 27 gold pieces
 50803 | Bazaar   | Bought a potion of curing for 27 gold pieces
 50803 | Bazaar   | Bought a potion of mutation for 72 gold pieces
 50809 | Bazaar   | Bought a potion of curing for 39 gold pieces
 50809 | Bazaar   | Bought a potion of curing for 39 gold pieces
 50809 | Bazaar   | Bought a potion of curing for 39 gold pieces
 51029 | Depths:3 | Found the +3 pair of mountain boots {steadfast, rC+}
 51266 | Depths:3 | Found Jaton's Assorted Antiques.
 51590 | Depths:3 | Found a one-way gate to the infinite horrors of the Abyss.
 51770 | Depths:3 | Noticed a golden dragon
 51806 | Depths:3 | Killed a golden dragon
 52586 | Elf:1    | Entered Level 1 of the Elven Halls
 52636 | Elf:1    | Paralysed by an air elemental for 1 turns
 52640 | Elf:1    | Paralysed by an air elemental for 1 turns
 52768 | Elf:1    | Paralysed by an air elemental for 1 turns
 53099 | Elf:1    | Found Jeoreami's Book Emporium.
 53130 | Elf:1    | Identified the +12 long sword "Ywarier" {flame, rC++ Int-5
                  | Dex+4}
 53211 | Elf:1    | Got the Essays on Beckoning
 53816 | Elf:2    | Found a runed translucent gate.
 53816 | Elf:2    | Found a runed translucent gate.
 53817 | Elf:2    | Found a runed translucent gate.
 54163 | Elf:2    | Paralysed by an air elemental for 1 turns
 54414 | Elf:3    | Entered Level 3 of the Elven Halls
 54458 | Elf:3    | Found Heahuish's Assorted Antiques.
 54461 | Elf:3    | Found Juker's Armour Shop.
 54461 | Elf:3    | Found Ahuar's Antique Armour Shop.
 54466 | Elf:3    | Found Kelia's Antique Weapon Shop.
 54538 | Elf:3    | Found Ycied's Weapon Emporium.
 55148 | Elf:3    | Reached XP level 23. HP: 265/265 MP: 37/37
 55355 | Elf:3    | Paralysed by an air elemental for 1 turns
 55362 | Elf:3    | Paralysed by an air elemental for 1 turns
 55652 | Elf:3    | Identified the +4 double sword "Xater" {flame, ^Drain rElec
                  | rCorr Str+6}
 55654 | Elf:3    | Identified the ring of Yrghaumess {rF++ SInv}
 55729 | Elf:3    | Identified the staff of the Reaper {rPois rC- Str+8 Fire
                  | Alchemy}
 55732 | Elf:3    | Identified the +6 quarterstaff of Shame {venom, Will+}
 55733 | Elf:3    | Identified the ring of the Tsukumogami {rN+ Str-5 Dex+5}
 55769 | Elf:3    | Got Sif Muna's Anthology of Destined Lamentation
 55780 | Elf:3    | Identified the +2 war axe of Roytan {drain, rN++ MP-9}
 55787 | Elf:3    | Got the Reference Book on Arcane Weapons and Ignition
 55790 | Elf:3    | Identified the +8 orcbow of Action {elec, rN+ Int+2}
 55834 | Elf:3    | Identified the +1 flail "Dragonslayer" {freeze, Int+2}
 56198 | Depths:3 | Bought the +5 Storm Queen's Shield {shock, Fly rElec} for
                  | 1960 gold pieces
 56198 | Depths:3 | Found the +5 Storm Queen's Shield {shock, Fly rElec}
 56453 | Depths:4 | Entered Level 4 of the Depths
 56616 | Depths:4 | Found Calil's Antique Armour Emporium.
 56636 | Depths:4 | Reached skill level 23 in Fighting
 56733 | Depths:4 | Found a one-way gateway to a ziggurat.
 56759 | Depths:4 | Found Rafeunoowu's Book Boutique.
 56761 | Depths:4 | Found Lifuxt's Jewellery Shoppe.
 56762 | Depths:4 | Found Ageg's Book Boutique.
 57599 | Depths:4 | Found a gate to the Realm of Zot.
 57602 | Depths:4 | Noticed a golden dragon
 57626 | Depths:4 | Killed a golden dragon
 58286 | Slime:1  | Entered Level 1 of the Pits of Slime
 58383 | Slime:1  | Paralysed by a formless jellyfish for 1 turns
 59451 | Slime:2  | Reached XP level 24. HP: 178/280 MP: 35/37
 60082 | Slime:2  | Gained mutation: You do not regenerate when monsters are
                  | visible. [a shining eye]
 60086 | Slime:3  | Lost mutation: You do not regenerate when monsters are
                  | visible. [potion of mutation]
 60086 | Slime:3  | Lost mutation: Your spells are a little easier to cast, but
                  | a little less powerful. [potion of mutation]
 60086 | Slime:3  | Gained mutation: Your spells are a little harder to cast,
                  | but a little more powerful. [potion of mutation]
 60086 | Slime:3  | Gained mutation: You are weak. (Str -2) [potion of
                  | mutation]
 60086 | Slime:3  | Gained mutation: Your flesh is cold resistant. (rC+)
                  | [potion of mutation]
 60173 | Slime:4  | Reached skill level 24 in Fighting
 60241 | Slime:5  | Entered Level 5 of the Pits of Slime
 60797 | Slime:5  | Noticed the Royal Jelly
 60842 | Slime:5  | Killed the Royal Jelly
 61412 | Slime:5  | Found the +7 Spriggan's Knife {stab, EV+4 Stlth+}
 61413 | Slime:5  | Found the amulet of the Air {Inacc Air Fly rElec RMsl}
 61475 | Slime:5  | Got a slimy rune of Zot
 61476 | Slime:5  | Identified the amulet of Extomaf {Faith rN+++ Int-4}
 61513 | Slime:5  | Got the Parchment of the Relocated Gang
 61568 | Slime:5  | Identified the staff of Maseagump {rElec Will+ Str+4 Dex-4
                  | Air}
 61574 | Slime:5  | Identified the +4 rapier of Truth {pain, rF- Will+ Str+6
                  | Int+3}
 61619 | Slime:5  | Identified the +9 shortbow of the Scorned {drain, rCorr}
 61982 | Depths:1 | Bought a scroll of enchant armour for 127 gold pieces
 62216 | Zot:1    | Entered Level 1 of the Realm of Zot
 62631 | Zot:2    | Reached skill level 25 in Fighting
 63456 | Zot:3    | Found a transporter.
 63467 | Zot:3    | Found the +8 Wrath of Trog {antimagic, *Rage Rampage}
 63510 | Zot:3    | Reached XP level 25. HP: 275/280 MP: 37/37
 63718 | Zot:5    | Entered Level 5 of the Realm of Zot
 64328 | Zot:5    | Noticed a Killer Klown
 64345 | Zot:5    | Killed a Killer Klown
 64415 | Zot:5    | Noticed an orb of fire
 64421 | Zot:5    | Gained mutation: You sometimes lose your temper in combat.
                  | [an orb of fire]
 64432 | Zot:5    | Gained mutation: Armour fits poorly on your strangely
                  | shaped body. [an orb of fire]
 64433 | Zot:5    | Killed an orb of fire
 64437 | Zot:5    | Reached skill level 10 in Armour
 64481 | Zot:4    | Lost mutation: Your spells are a little harder to cast, but
                  | a little more powerful. [potion of mutation]
 64481 | Zot:4    | Lost mutation: Your flesh is cold resistant. (rC+) [potion
                  | of mutation]
 64481 | Zot:4    | Lost mutation: You are weak. (Str -2) [potion of mutation]
 64481 | Zot:4    | Gained mutation: You have supernaturally acute eyesight.
                  | (SInv) [potion of mutation]
 64481 | Zot:4    | Gained mutation: You expend magic power (3 MP) to
                  | strengthen your wands. [potion of mutation]
 64481 | Zot:4    | Gained mutation: You are clumsy. (Dex -2) [potion of
                  | mutation]
 64481 | Zot:4    | Gained mutation: You passively map a small area around you.
                  | [potion of mutation]
 64482 | Zot:4    | Lost mutation: You expend magic power (3 MP) to strengthen
                  | your wands. [potion of mutation]
 64482 | Zot:4    | Lost mutation: You passively map a small area around you.
                  | [potion of mutation]
 64482 | Zot:4    | Gained mutation: You occasionally lose the ability to read
                  | scrolls when taking damage. [potion of mutation]
 64482 | Zot:4    | Gained mutation: Your natural rate of healing is unusually
                  | fast. [potion of mutation]
 64519 | Zot:5    | Noticed a Killer Klown
 64521 | Zot:5    | Noticed a Killer Klown
 64527 | Zot:5    | Noticed an ancient lich
 64531 | Zot:5    | Killed a Killer Klown
 64539 | Zot:5    | Killed an ancient lich
 64540 | Zot:5    | Reached skill level 26 in Fighting
 64545 | Zot:5    | Killed a Killer Klown
 64808 | Zot:5    | Noticed an orb of fire
 64823 | Zot:5    | Gained mutation: Your spells are a little easier to cast,
                  | but a little less powerful. [an orb of fire]
 64824 | Zot:5    | Gained mutation: You occasionally lose the ability to drink
                  | potions when taking damage. [an orb of fire]
 64825 | Zot:5    | Killed an orb of fire
 64876 | Zot:5    | Lost mutation: You sometimes lose your temper in combat.
                  | [potion of mutation]
 64876 | Zot:5    | Lost mutation: Armour fits poorly on your strangely shaped
                  | body. [potion of mutation]
 64876 | Zot:5    | Lost mutation: Your spells are a little easier to cast, but
                  | a little less powerful. [potion of mutation]
 64876 | Zot:5    | Gained mutation: You expend magic power (3 MP) to
                  | strengthen your wands. [potion of mutation]
 64876 | Zot:5    | Gained mutation: Your movements are slightly less
                  | encumbered by armour. (ER -2) [potion of mutation]
 64876 | Zot:5    | Gained mutation: You possess an exceptional clarity of
                  | mind. [potion of mutation]
 64887 | Zot:5    | Noticed an orb of fire
 64891 | Zot:5    | Killed an orb of fire
 65026 | Zot:5    | Noticed a dread lich
 65026 | Zot:5    | Noticed an orb of fire
 65038 | Zot:5    | Noticed a Killer Klown
 65043 | Zot:5    | Killed an orb of fire
 65044 | Zot:5    | Killed a dread lich
 65058 | Zot:5    | Killed a Killer Klown
 65059 | Zot:5    | Reached skill level 27 in Fighting
 65095 | Zot:5    | Noticed an orb of fire
 65098 | Zot:5    | Gained mutation: Your magical capacity is low. (-10% MP)
                  | [an orb of fire]
 65114 | Zot:5    | Gained mutation: Potions are less effective at restoring
                  | your health. [an orb of fire]
 65116 | Zot:5    | Killed an orb of fire
 65130 | Zot:5    | Noticed an orb of fire
 65141 | Zot:5    | Gained mutation: You are frail. (-10% HP) [an orb of fire]
 65151 | Zot:5    | Gained mutation: Your magical capacity is very low. (-20%
                  | MP) [an orb of fire]
 65160 | Zot:5    | Killed an orb of fire
 65171 | Zot:5    | Noticed a dread lich
 65181 | Zot:5    | Paralysed by a dread lich for 4 turns
 65193 | Zot:5    | Killed a dread lich
 65245 | Zot:5    | Noticed an orb of fire
 65258 | Zot:5    | Killed an orb of fire
 65259 | Zot:5    | Reached XP level 26. HP: 282/282 MP: 29/29
 65292 | Zot:5    | Got the Orb of Zot
 65294 | Zot:5    | Noticed a dread lich
 65471 | Depths:4 | Noticed Dybi the pandemonium lord
 65523 | Depths:2 | Gained mutation: You sometimes lose the ability to drink
                  | potions when taking damage. [a cacodemon]
 65665 | D:13     | Noticed a seraph
 65670 | D:13     | Killed a seraph
 65994 | D:1      | Lost mutation: Your movements are slightly less encumbered
                  | by armour. (ER -2) [potion of mutation]
 65994 | D:1      | Lost mutation: You are frail. (-10% HP) [potion of
                  | mutation]
 65994 | D:1      | Lost mutation: You expend magic power (3 MP) to strengthen
                  | your wands. [potion of mutation]
 65994 | D:1      | Lost mutation: Your magical capacity is very low. (-20% MP)
                  | [potion of mutation]
 65994 | D:1      | Lost mutation: You have supernaturally acute eyesight.
                  | (SInv) [potion of mutation]
 65994 | D:1      | Gained mutation: You are strong-willed. (Will+) [potion of
                  | mutation]
 65995 | D:1      | Lost mutation: Your magical capacity is low. (-10% MP)
                  | [potion of mutation]
 65995 | D:1      | Lost mutation: You occasionally lose the ability to read
                  | scrolls when taking damage. [potion of mutation]
 65995 | D:1      | Lost mutation: You are clumsy. (Dex -2) [potion of
                  | mutation]
 65995 | D:1      | Gained mutation: You expend magic power (3 MP) to
                  | strengthen your wands. [potion of mutation]
 65996 | D:1      | Lost mutation: You sometimes lose the ability to drink
                  | potions when taking damage. [potion of mutation]
 65996 | D:1      | Lost mutation: Your natural rate of healing is unusually
                  | fast. [potion of mutation]
 65996 | D:1      | Lost mutation: You are strong-willed. (Will+) [potion of
                  | mutation]
 65996 | D:1      | Gained mutation: You are partially covered in iridescent
                  | scales. (AC +2) [potion of mutation]
 65996 | D:1      | Lost mutation: You possess an exceptional clarity of mind.
                  | [potion of mutation]
 65996 | D:1      | Gained mutation: You are mostly covered in iridescent
                  | scales. (AC +4) [potion of mutation]
 65997 | D:1      | Lost mutation: You expend magic power (3 MP) to strengthen
                  | your wands. [potion of mutation]
 65997 | D:1      | Lost mutation: Potions are less effective at restoring your
                  | health. [potion of mutation]
 65997 | D:1      | Gained mutation: Potions are less effective at restoring
                  | your health. [potion of mutation]
 65997 | D:1      | Gained mutation: You have sharp toenails. [potion of
                  | mutation]
 65998 | D:1      | Lost mutation: Potions are less effective at restoring your
                  | health. [potion of mutation]
 65998 | D:1      | Lost mutation: You occasionally lose the ability to drink
                  | potions when taking damage. [potion of mutation]
 65998 | D:1      | Lost mutation: You have sharp toenails. [potion of
                  | mutation]
 65998 | D:1      | Gained mutation: You have supernaturally acute eyesight.
                  | (SInv) [potion of mutation]
 65998 | D:1      | Lost mutation: You are mostly covered in iridescent scales.
                  | (AC +4) [potion of mutation]
 65998 | D:1      | Gained mutation: Your mind is acute. (Int +4, Str/Dex -1)
                  | [potion of mutation]
 66000 | D:$      | Escaped with the Orb!

Illustrated notes

Levels and vault maps discovered:
D:1:      beargit_arrival_greenhouse, layout_basic, basic_ecumenical_altar,
          serial_shops, nicolae_shop_tiny_statue_garden
D:2:      layout_loops_ring, serial_shops, nicolae_shop_peninsula
D:3:      layout_basic, grunt_ministairs_6, kennysheep_cross_room
D:4:      layout_basic, gammafunk_temple_overflow_pools,
          minmay_misc_feat_pillars, uniq_robin
D:5:      layout_basic, gammafunk_ghost_split, uniq_menkaure
D:6:      layout_rooms, fedhas_altar_4, serial_shops, shop,
          nicolae_lakefront_shop, shop, shop, uniq_duvessa
D:7:      layout_basic, zin_angel, minmay_temple_entry_statues_fountains
D:8:      layout_loops_ring, mainiacjoe_overflow_paths, uniq_maurice, uniq_grum,
          uniq_maggie
D:9:      layout_basic, amethyst_overflow_temple_binary,
          hellmonk_lair_entry_icy, minmay_misc_feat_room
D:10:     layout_roguey [special_room_bee], mainiacjoe_overflow_alcove_4,
          enter_trove_0, serial_shops, nicolae_shop_behind_doors
D:11:     minmay_cornered_nines, layout_gridville, david_orc_5,
          minmay_statues_item, uniq_urug, uniq_gastronok
D:12:     layout_loops_ring, uniq_erolcha, uniq_sonja
D:13:     layout_basic, corexii_hall_statues_l, uniq_jorgrun, uniq_azrael
D:14:     layout_cave_pools, david_vaults_2, minmay_crystal_water, minivault_4,
          bh_circular_ruins
D:15:     grunt_enter_depths_hoard, layout_rooms, okawaru_gym_becter
Temple:   compressed_dpeg_circular_temple
Lair:1:   layout_layer_cave, columned_hall_lemuel, worms_lemuel
Lair:2:   layout_long_grid, skrybe_swamp_entry_bodies
Lair:3:   layout_small_grid, spider_nest_entry_web_field, grunt_megastairs_1
Lair:4:   layout_gridlike, slime_entry_1, beast_lair_carwin_2
Lair:5:   evilmike_catoblepas_cave, layout_long_grid, bobbens_ice_dragon_lair,
          grunt_megastairs_3
Swamp:1:  layout_falls_marsh, evilmike_swamp_ruin_house_6,
          infiniplex_staircase_pool
Swamp:2:  layout_basic_swamp, evilmike_swamp_ruin_rubble_1
Swamp:3:  nicolae_swamp_phyte_club, layout_basic_swamp, hangedman_swamp_cone,
          uniq_louise
Swamp:4:  swamp_basic_johnstein, layout_basic_swamp
Spider:1: nicolae_spider_mines_3, drop_trap, nicolae_spider_webs_and_nodes,
          uniq_nikola
Spider:2: layout_cave_pods, gammafunk_ghost_split
Spider:3: layout_spider_delve, nicolae_spider_twisty_arc_passages
Spider:4: grunt_spider_rune_parallel, uniq_roxanne
Slime:1:  layout_caves, nicolae_slime_phagocytosis
Slime:2:  layout_caves, nicolae_slime_crime_time
Slime:3:  layout_caves
Slime:4:  layout_caves
Slime:5:  slime_pit_nicolae_royal_road_to_ruin
Orc:1:    layout_caves, nicolae_orc_flooded_monolith
Orc:2:    st_orc_mages, layout_caves
Elf:1:    layout_loops_corners, serial_shops, nicolae_shop_mannequins,
          minmay_elf_demonology, drop_trap
Elf:2:    elven_hall_of_blades_hangedman_original
          [infiniplex_blade_entry_pillars], layout_gridlike,
          small_chamber_with_monster
Elf:3:    elf_hall, layout_loops_corners, serial_shops, nicolae_shop_tiny_glass,
          minmay_shop_grid_forest
Vaults:1: nicolae_vaults_closet_pinwheel_2, nicolae_vaults_little_squares_2,
          vaults_mumra_hexcomb, nicolae_vaults_trapezoid_lopsided_3,
          nicolae_vaults_stepped_doors, vaults_dpeg_hooks,
          nicolae_vaults_border_crossing, nicolae_vaults_shelves_hall,
          layout_vaults_omnigrid
Vaults:2: gammafunk_ghost_arena, hangedman_vaults_nodes,
          nicolae_vaults_an_arrangement, v_misc_27, ontoclasm_vaults_pinch,
          nicolae_vaults_what_the_h, nicolae_vaults_weapon_check,
          nicolae_vaults_trapezoid_lopsided_1, v_misc_2,
          nicolae_vaults_trapezoid_4, nicolae_vaults_closet_pinwheel_3,
          nicolae_vaults_trapezoid_lopsided_1, vaults_room_mumra_shop_pool,
          ontoclasm_vaults_fault, layout_vaults_ring, uniq_margery
Vaults:3: nicolae_vaults_shrinking_rooms_2, v_misc_33, hangedman_vaults_stagger,
          nicolae_vaults_shipping_containers_4, nicolae_vaults_house_3,
          nicolae_vaults_house_2, nicolae_vaults_little_ls,
          nicolae_vaults_network_barrier, nicolae_vaults_trapezoid_lopsided_1,
          nicolae_vaults_closet_pinwheel_5,
          vaults_room_grunt_arrival_checkpoint,
          minmay_crypt_entry_simple_sparse, nicolae_vaults_theta,
          nicolae_vaults_two_Ls, vaults_room_stairs_pillars,
          nicolae_vaults_variable_pillar_hall, layout_vaults_omnibox,
          uniq_bai_suzhen
Vaults:4: vaults_dpeg_encased_lava, nicolae_vaults_ellipses_ellipsis,
          nicolae_vaults_circle_grid_b, vaults_room_semicircle, v_rooms_4,
          vaults_dpeg_spiral, nicolae_vaults_tetromino_Z_1,
          nicolae_vaults_three_branches, vaults_mumra_minichess_inversion,
          layout_vaults_maze_bifur, uniq_jory, uniq_zenata
Depths:1: layout_gridlike, grunt_hell_entry_demonic_statue, serial_shops,
          nicolae_inconvenience_store, nicolae_qazlal_style_of_elements,
          eino_small_chamber_without_monster, nemelex_xobeh_ov_fountains_minmay,
          uniq_mara
Depths:2: minmay_coctagon, layout_gridlike, hangedman_abyss_or_decor_stabs,
          serial_shops, bzr_entry_customers, rand_demon_pan_entry_1,
          pf_coc_iceberg, serial_sigils_hangedman_confine
Depths:3: kennysheep_water_balloons, layout_basic, serial_shops,
          nicolae_shop_hallway_stairs, pf_dread_powers_of_hell,
          minmay_crystal_room, abyss_entry, minmay_staircase_bubble
Depths:4: grunt_zot_entry_tricorne, layout_honeycomb, enter_ziggurat_b,
          amcnicky_mini_pool_small, hellmouth_1, rand_demon_pan_entry_4,
          serial_shops, shop, minmay_shop_grove
Zot:1:    layout_twisted_circle
Zot:2:    layout_cathedral_of_symmetry
Zot:3:    gammafunk_its_a_trap, layout_gridlike, gammafunk_ghost_cemetery
Zot:4:    layout_gridlike, regret_index_zotdec_iron_s
Zot:5:    layout_misc_corridors, regret_index_zotdec_ex

Skill      XL: |  1  2  3  4  5  6  7  8  9 10 11 12 13 14 15 16 17 18 19 20 21 22 23 24 25 26 |
---------------+-------------------------------------------------------------------------------+-----
Fighting       | 3 4 5 6 7 10 12 14 16 18 19 20 21 22 23 25 27 | 27.0
Polearms       | 4 5 6 7 9 10 11 12 14 15 16 18 | 18.0
Throwing       | 3 4 5 6 8 10 12 14 15 17 19 21 22 | 22.6
Dodging        | 4 5 7 |  7.4
Armour         | 3 4 6 7 8 12 | 12.0
Invocations    | 6 8 10 13 15 16 18 19 20 21 | 21.0
Evocations     | 2 |  2.2
Shields        | 2 9 12 14 17 18 | 18.5

Action                     |  1- 3 |  4- 6 |  7- 9 | 10-12 | 13-15 | 16-18 | 19-21 | 22-24 | 25-27 || total
---------------------------+-------+-------+-------+-------+-------+-------+-------+-------+-------++-------
  Melee: Trident           |   116 |   164 |   377 |   850 |   877 |       |       |       |       ||  2384
         Headbutt          |    13 |    14 |    47 |   154 |   305 |   307 |   435 |   414 |    92 ||  1781
         Punch             |       |     1 |     7 |     8 |    16 |       |       |       |       ||    32
         Glaive            |       |       |       |       |   336 |   475 |       |       |       ||   811
         Demon trident     |       |       |       |       |       |   984 |  1617 |  1583 |   352 ||  4536
  Throw: Dart              |       |     3 |     2 |    28 |     4 |     2 |       |       |       ||    39
         Throwing net      |       |       |     1 |       |       |       |       |       |       ||     1
         Large rock        |       |       |       |       |     1 |     4 |    12 |   175 |    83 ||   275
         Boomerang         |       |       |       |       |       |    30 |    26 |   101 |    33 ||   190
         Javelin           |       |       |       |       |       |    30 |    32 |    19 |    22 ||   103
 Invoke: Upheaval          |       |       |       |    13 |    18 |    16 |     8 |     5 |     4 ||    64
         Elemental Force   |       |       |       |       |     5 |     5 |     7 |     4 |     3 ||    24
         Disaster Area     |       |       |       |       |       |     1 |     1 |     1 |     2 ||     5
  Evoke: Wand              |       |     2 |    18 |     6 |     6 |     2 |       |       |       ||    34
    Use: Scroll            |       |     7 |     1 |    10 |    11 |    16 |     7 |    16 |     9 ||    77
         Potion            |       |     2 |     3 |     2 |     6 |     5 |     1 |     4 |    16 ||    39
   Stab: Distracted        |       |       |     1 |       |     1 |       |       |     2 |       ||     4
         Invisible         |       |       |       |     1 |     2 |       |       |       |       ||     3
         Paralysed         |       |       |       |       |     5 |     4 |    17 |     3 |     1 ||    30
         Held in net/web   |       |       |       |       |       |     1 |       |       |       ||     1
 Armour: Robe              |    58 |    95 |   204 |       |    77 |   483 |       |       |       ||   917
         Skin              |       |       |    75 |    10 |       |       |       |       |       ||    85
         Acid dragon scale |       |       |    35 |   486 |   708 |       |       |       |       ||  1229
         Steam dragon scal |       |       |    10 |       |       |       |       |       |       ||    10
         Swamp dragon scal |       |       |       |       |       |   759 |   631 |   443 |       ||  1833
         Gold dragon scale |       |       |       |       |       |       |       |   135 |   171 ||   306
  Dodge: Dodged            |    51 |    63 |   129 |   308 |   348 |   447 |   169 |   182 |    18 ||  1715
         Repelled          |       |       |       |       |    10 |     5 |     4 |    31 |     4 ||    54
  Block: Other             |       |       |       |    55 |   153 |    72 |       |       |       ||   280
         Kite shield       |       |       |       |       |       |   791 |    12 |   718 |   201 ||  1722
         Tower shield      |       |       |       |       |       |       |  1440 |   359 |       ||  1799

Table legend: (Time is in decaauts)
 A = Elapsed time spent in this place.
 B = Non-inter-level travel time spent in this place.
 C = Inter-level travel time spent in this place.
 D = Time resting spent in this place.
 E = Time spent auto-exploring this place.
 F = Levels seen in this place.
 G = Mean time per level.
                   A        B        C        D        E       F      G
               +--------+--------+--------+--------+--------+-----+--------+
         Total |  63963 |  57944 |   6019 |  12252 |  15797 |  53 | 1206.8 |
       Dungeon |  21457 |  18318 |   3139 |   5482 |   5237 |  15 | 1430.5 |
        Temple |    147 |    147 |      0 |      0 |      0 |   1 |  147.0 |
          Lair |   8078 |   7476 |    602 |   1534 |   2301 |   5 | 1615.6 |
         Swamp |   4727 |   4545 |    182 |   1031 |    921 |   4 | 1181.8 |
   Spider Nest |   4247 |   4112 |    135 |    723 |   1089 |   4 | 1061.8 |
    Slime Pits |   3279 |   3028 |    251 |    635 |    489 |   5 |  655.8 |
  Orcish Mines |   1730 |   1625 |    105 |    291 |    474 |   2 |  865.0 |
   Elven Halls |   3268 |   3088 |    180 |    186 |   1238 |   3 | 1089.3 |
        Vaults |   6851 |   6479 |    372 |   1075 |   1965 |   4 | 1712.8 |
        Depths |   7065 |   6050 |   1015 |    860 |   1996 |   4 | 1766.2 |
           Zot |   2877 |   2841 |     36 |    434 |     79 |   5 |  575.4 |
        Bazaar |    232 |    232 |      0 |      0 |      8 |   1 |  232.0 |
               +--------+--------+--------+--------+--------+-----+--------+

Top non-repeatable levels by time:
     D:5: 3195 daAuts
Depths:1: 2014 daAuts
Vaults:2: 2013 daAuts
Vaults:3: 1919 daAuts
  Lair:5: 1893 daAuts
  Lair:1: 1877 daAuts
Depths:2: 1806 daAuts
Vaults:1: 1801 daAuts
    D:13: 1757 daAuts
  Lair:3: 1724 daAuts
     D:7: 1670 daAuts
     D:9: 1650 daAuts
Depths:3: 1644 daAuts
Depths:4: 1599 daAuts
Spider:4: 1536 daAuts
